 Dungeon Crawl Stone Soup version 0.26-a0-651-gb41185065b (webtiles) character file.

Game seed: 2294072523999976970

38157 tof the Fighter (level 13, 0/125 HPs)
             Began as a Minotaur Monk on Oct 2, 2020.
             Was a High Priest of Nemelex Xobeh.
             Succumbed to a queen ant's poison
             ... on level 6 of the Lair of Beasts.
             The game lasted 00:35:22 (15472 turns).

tof the Fighter (Minotaur Monk)                    Turns: 15472, Time: 00:35:22

Health: 0/125      AC: 19    Str: 20    XL:     13   Next: 62%
Magic:  10/12      EV: 15    Int:  7    God:    Nemelex Xobeh [*****.]
Gold:   963        SH:  0    Dex: 20    Spells: 12/12 levels left

rFire    . . .     SeeInvis .   a - +4 hand axe (vorpal)
rCold    . . .     Faith    .   (no shield)
rNeg     . . .     Spirit   .   w - +7 chain mail of the Orcish Mines {+Fly Regen+}
rPois    .         Reflect  .   (helmet restricted)
rElec    .         Harm     .   (no cloak)
rCorr    .         Rampage  .   (no gloves)
MR       +....                  (no boots)
Stlth    ..........             g - amulet of regeneration
HPRegen  1.10/turn              z - ring of protection from magic
MPRegen  0.13/turn              k - +6 ring of dexterity

@: lethally poisoned (0 -> -28)
A: retaliatory headbutt, horns 2
a: Draw Escape, Draw Destruction, Draw Summoning, Triple Draw, Deal Four, Stack
Five, Renounce Religion, Evoke Flight


You were on level 6 of the Lair of Beasts.
You worshipped Nemelex Xobeh.
Nemelex Xobeh was extremely pleased with you.
You visited 3 branches of the dungeon, and saw 17 of its levels.
You also visited: Sewer.

You collected 963 gold pieces.

Inventory:

Hand Weapons
 a - a +4 vorpal hand axe (weapon)
 b - a +4 war axe of flaming
 B - the +9 falchion of the Sky {protect, rN+ Dex+2}
   (You found it on level 6 of the Dungeon)

   It grants its wielder temporary protection when it strikes (+7 to AC).
   It affects your dexterity (+2).
   It protects you from negative energy.
Armour
 w - the +7 chain mail of the Orcish Mines (worn) {+Fly Regen+}
   (You found it on level 6 of the Lair of Beasts)

   It lets you fly.
   It increases your rate of regeneration.
 V - +0 swamp dragon scales
Jewellery
 g - an amulet of regeneration (around neck)
 k - a +6 ring of dexterity (right hand)
 l - an uncursed amulet of magic regeneration
 u - a +4 ring of protection
 v - an uncursed ring of resist corrosion
 z - a ring of protection from magic (left hand)
Wands
 m - a wand of iceblast (26)
 C - a wand of polymorph (13)
 L - a wand of paralysis (5)
 P - a wand of flame (23)
 R - a wand of acid (7)
 T - a wand of enslavement (8)
 U - a wand of disintegration (26)
Scrolls
 f - 10 scrolls of remove curse
 h - 4 scrolls of fear
 o - 7 scrolls of enchant armour
 p - 3 scrolls of enchant weapon
 r - a scroll of amnesia {unknown}
 s - 3 scrolls of magic mapping
 t - 2 scrolls of fog
 y - 6 scrolls of teleportation
 D - 2 scrolls of brand weapon
 E - a scroll of holy word
 G - 2 scrolls of immolation
 S - 2 scrolls of blinking
Potions
 c - 2 potions of might
 d - a potion of ambrosia
 e - 3 potions of invisibility
 i - a potion of berserk rage
 j - 3 potions of degeneration
 n - 4 potions of cancellation
 q - 6 potions of stabbing
 x - 4 potions of curing {unknown}
 A - a potion of brilliance {unknown}
 F - 4 potions of lignification {unknown}
 H - a potion of mutation {unknown}
 J - a potion of haste
 K - a potion of flight {unknown}
 N - 3 potions of heal wounds {unknown}
Miscellaneous
 Q - a condenser vane (2/2)


   Skills:
 + Level 14.8 Fighting
 + Level 14.8 Axes
 - Level 11.0 Armour
 - Level 10.7 Dodging
 - Level 1.5 Stealth
 + Level 8.3 Evocations


You had 12 spell levels left.
You didn't know any spells.
Your spell library contained the following spells:

 Spells                   Type           Power        Failure   Level
 Corona                   Hex            #......      97%         1
 Freeze                   Ice            #...         97%         1
 Slow                     Hex            #.......     99%         2
 Frozen Ramparts          Ice            #.....       100%        3
 Gell's Gravitas          Tloc           #.........   100%        3
 Inner Flame              Hex/Fire       #.......     100%        3
 Ozocubu's Armour         Ice            #.......     100%        3
 Portal Projectile        Hex/Tloc       #.....       100%        3
 Cause Fear               Hex            #.........   100%        4
 Hailstorm                Conj/Ice       #.......     100%        4
 Leda's Liquefaction      Hex/Erth       #.........   100%        4
 Summon Ice Beast         Ice/Summ       #.......     100%        4
 Silence                  Hex/Air        #.........   100%        5
 Yara's Violent Unravell  Hex/Tmut       #.........   100%        5
 Dispersal                Tloc           #.........   100%        6
 Discord                  Hex            #.........   100%        8
 Disjunction              Tloc           #.........   100%        8


Dungeon Overview and Level Annotations

Branches:
Dungeon (10/15)            Temple (1/1) D:4            Lair (6/6) D:10
  Swamp (0/4) Lair:3        Snake (0/4) Lair:4        Slime (0/5) Lair:5
  Sewer (visited)
    Orc: D:9-12

Altars:
Cheibriados
Dithmenos
Elyvilon
Fedhas
Gozag
Hepliaklqana
Kikubaaqudgha
Makhleb
Nemelex Xobeh
Qazlal
Ru
Sif Muna
Trog
Vehumet
Wu Jian
Xom
Yredelemnul
Jiyva
Lugonu

Annotations:
D:6 2 runed translucent doors
D:8 2 transporters, PanSaczeczos's ghost, novice HaHu


Innate Abilities, Weirdness & Mutations

You reflexively headbutt those who attack you in melee.
You have a pair of horns on your head.


Message History

You hit the death yak but do no damage. Your headbutt misses the death yak.
The death yak is almost dead.
You hit the queen ant. You hit the death yak but do no damage.
* * * LOW HITPOINT WARNING * * *
You feel very sick.
The death yak gores you but does no damage.
The death yak gores you!!
* * * LOW HITPOINT WARNING * * *
The queen ant stings you but does no damage.
You draw a card...
You have drawn Velocity.
The death yak seems to slow down.
The queen ant seems to slow down.
The death yak seems to slow down.
* * * LOW HITPOINT WARNING * * *
You feel very sick. The death yak misses you.
Okay, then.
* * * LOW HITPOINT WARNING * * *
You feel very sick. The queen ant barely misses you.
You die...
Your body disappears without a glow.

# ########## ..
##..#.....##...
#..............
#....@.........
#......Y†......
##....aY.......
##.....#†#.....
#°°....### ####
#..°°.## ##P.....#
#.......###############
##P.....##.##..P.#...#.


You could see 2 death yaks and a queen ant (slow, misshapen).

Vanquished Creatures
  A fire dragon (D:10)
  6 hydras
  Erica (D:8)
  A two-headed ogre (D:9)
  A death yak (Lair:2)
  Urug (Lair:5)
  An unseen horror (Lair:6)
  An oklob plant (Lair:4)
  6 elephants
  4 black mambas
  A gargoyle (D:8)
  Joseph (Lair:1)
  Psyche (D:8)
  11 cane toads
  7 komodo dragons
  3 rime drakes
  Maggie (Lair:1)
  A polar bear (Lair:5)
  2 trolls
  A queen bee (Lair:6)
  3 blink frogs (Lair:3)
  3 hippogriffs
  2 bog bodies (Lair:3)
  5 wyverns
  45 yaks
  Grum (D:9)
  Eustachio (D:5)
  4 basilisks
  Menkaure (D:6)
  12 water moccasins
  8 porcupines
  5 orc warriors
  Purgy (Sewer)
  2 sky beasts
  An eye of draining (Lair:6)
  A black bear (D:10)
  3 ice beasts
  2 phantoms
  A necrophage (D:7)
  11 wolves
  3 ogres
  4 centaurs
  11 crocodiles
  2 big kobolds
  12 bullfrogs
  4 scorpions
  3 killer bees (D:9)
  10 wights
  An electric eel (Lair:1)
  3 howler monkeys (D:7)
  2 bullfrog zombies (D:7)
  A quasit (D:9)
  4 jellies
  7 hounds
  2 orc priests
  A bullfrog skeleton (D:8)
  3 centaur skeletons
  Crazy Yiuf (D:2)
  6 worker ants
  3 iguanas
  8 orc wizards
  A killer bee zombie (D:8)
  A hound zombie (D:10)
  2 hound skeletons
  14 adders
  4 river rats (D:5)
  A shadow imp (D:5)
  4 white imps
  2 ufetubi
  2 oozes
  2 adder skeletons
  6 worms
  3 dart slugs
  9 leopard geckos
  26 orcs
  A ball python (D:2)
  8 giant cockroaches
  9 goblins
  8 hobgoblins
  7 jackals
  20 kobolds
  5 quokkas
  9 bats
  5 frilled lizards
  A giant cockroach zombie (D:6)
  A jackal skeleton (D:6)
  A leopard gecko zombie (D:2)
  A quokka skeleton (D:4)
  11 rats
419 creatures vanquished.

Vanquished Creatures (collateral kills)
  An elephant (Lair:6)
  A torpor snail (Lair:2)
2 creatures vanquished.

Vanquished Creatures (others)
  A human (D:10)
  14 fungi
  26 plants
41 creatures vanquished.

Grand Total: 462 creatures vanquished

Notes
Turn   | Place    | Note
-------+----------+-------------------------------------------
     0 | D:1      | tof the Minotaur Monk began the quest for the Orb.
     0 | D:1      | Reached XP level 1. HP: 19/19 MP: 0/0
    61 | D:1      | Reached XP level 2. HP: 22/27 MP: 1/1
   229 | D:1      | Reached skill level 1 in Armour
   308 | D:1      | You fall into a shaft and drop 1 floor!
   316 | D:2      | Reached XP level 3. HP: 28/33 MP: 2/2
   522 | D:2      | Found a snail-covered altar of Cheibriados.
   816 | D:1      | Reached XP level 4. HP: 41/41 MP: 3/3
  1326 | D:2      | Found a runed translucent door.
  1327 | D:2      | Noticed Crazy Yiuf
  1369 | D:2      | Found a faded altar of an unknown god.
  1450 | D:2      | Killed Crazy Yiuf
  1591 | D:3      | Reached XP level 5. HP: 39/47 MP: 4/4
  1817 | D:3      | Found a burning altar of Makhleb.
  2250 | D:4      | Reached skill level 5 in Fighting
  2250 | D:4      | Reached skill level 5 in Axes
  2259 | D:4      | Found a hazy altar of Hepliaklqana.
  2400 | D:4      | Found a staircase to the Ecumenical Temple.
  2414 | Temple   | Entered the Ecumenical Temple
  2487 | D:5      | Entered Level 5 of the Dungeon
  2487 | D:5      | Noticed Eustachio
  2490 | D:5      | Found a shimmering blue altar of Sif Muna.
  2517 | D:5      | Killed Eustachio
  2517 | D:5      | Reached XP level 6. HP: 12/56 MP: 5/5
  2655 | D:5      | Reached skill level 5 in Dodging
  2779 | D:5      | Found a glowing drain.
  2790 | Sewer    | Entered a sewer
  2903 | Sewer    | Reached XP level 7. HP: 61/62 MP: 6/6
  3000 | Sewer    | Noticed Purgy
  3007 | Sewer    | Killed Purgy
  3307 | D:5      | Found a blossoming altar of Fedhas.
  3531 | D:6      | Found a large runed translucent door.
  3531 | D:6      | Found a large runed translucent door.
  3544 | D:6      | Found a large runed translucent door.
  3544 | D:6      | Found a large runed translucent door.
  3607 | D:6      | Reached skill level 5 in Armour
  3703 | D:6      | Got a masterwork falchion
  3704 | D:6      | Identified the +9 falchion of the Sky {protect, rN+ Dex+2}
                  | (You found it on level 6 of the Dungeon)
  3743 | D:6      | Reached XP level 8. HP: 11/71 MP: 7/7
  3935 | D:6      | Noticed Menkaure
  3939 | D:6      | Killed Menkaure
  4176 | D:6      | Found a white marble altar of Elyvilon.
  4731 | D:7      | Reached XP level 9. HP: 81/81 MP: 8/8
  5529 | D:8      | Found a transporter.
  5529 | D:8      | Noticed PanSaczeczos's ghost (novice HaHu)
  5551 | D:8      | Noticed a gargoyle
  5564 | D:8      | Killed a gargoyle
  5587 | D:8      | Noticed Psyche
  5616 | D:8      | Killed Psyche
  5811 | D:8      | Identified the +6 flail of Uskayaw's Grace {freeze, rPois
                  | rF+++ Str+2 Dex-3}
  6020 | D:8      | Found a shadowy altar of Dithmenos.
  6033 | D:8      | Noticed Erica
  6044 | D:8      | Killed Erica
  6044 | D:8      | Reached XP level 10. HP: 70/91 MP: 9/9
  6131 | D:8      | Found a transporter.
  6512 | D:9      | Noticed a two-headed ogre
  6528 | D:9      | Killed a two-headed ogre
  6528 | D:9      | Reached skill level 10 in Fighting
  6528 | D:9      | Reached skill level 10 in Axes
  6637 | D:9      | Noticed Grum
  6652 | D:9      | Killed Grum
  7211 | D:9      | Found a blossoming altar of Fedhas.
  7215 | D:9      | Found a radiant altar of Vehumet.
  7215 | D:9      | Found a basalt altar of Yredelemnul.
  7216 | D:9      | Found a shimmering altar of Xom.
  7219 | D:9      | Found a bloodstained altar of Trog.
  7272 | D:10     | Entered Level 10 of the Dungeon
  7460 | D:10     | Reached skill level 10 in Armour
  7646 | D:10     | Noticed a fire dragon
  7673 | D:10     | Found an ancient bone altar of Kikubaaqudgha.
  7772 | D:10     | Reached XP level 11. HP: 76/101 MP: 10/10
  7887 | D:10     | Reached skill level 10 in Dodging
  7909 | D:10     | Found a staircase to the Lair.
  8423 | D:10     | Killed a fire dragon
  8768 | D:2      | Became a worshipper of Nemelex Xobeh the Trickster
  8768 | D:2      | Reached * piety under Nemelex Xobeh
  8768 | D:2      | Received a gift from Nemelex Xobeh
  8768 | D:2      | Reached ** piety under Nemelex Xobeh
  8768 | D:2      | Received a gift from Nemelex Xobeh
  8951 | Lair:1   | Entered Level 1 of the Lair of Beasts
  9003 | Lair:1   | Received a gift from Nemelex Xobeh
  9003 | Lair:1   | Noticed a five-headed hydra
  9011 | Lair:1   | Killed a one-headed hydra
  9011 | Lair:1   | Reached skill level 1 in Evocations
  9097 | Lair:1   | Noticed Joseph
  9109 | Lair:1   | Killed Joseph
  9168 | Lair:1   | Reached *** piety under Nemelex Xobeh
  9270 | Lair:1   | Noticed Maggie
  9285 | Lair:1   | Killed Maggie
 10000 | Lair:2   | Received a gift from Nemelex Xobeh
 10042 | Lair:2   | Noticed an eight-headed hydra
 10042 | Lair:2   | Noticed a death yak
 10057 | Lair:2   | Killed a death yak
 10090 | Lair:2   | Killed a four-headed hydra
 10170 | Lair:2   | Reached XP level 12. HP: 65/112 MP: 11/11
 10323 | Lair:2   | Reached **** piety under Nemelex Xobeh
 10324 | Lair:2   | Received a gift from Nemelex Xobeh
 11041 | Lair:3   | Noticed a seven-headed hydra
 11050 | Lair:3   | Killed a four-headed hydra
 11280 | Lair:3   | Received a gift from Nemelex Xobeh
 11364 | Lair:3   | Found a staircase to the Swamp.
 11381 | Lair:3   | Reached skill level 5 in Evocations
 11959 | Lair:4   | Noticed a six-headed hydra
 11970 | Lair:4   | Killed a one-headed hydra
 12063 | Lair:4   | Found a snail-covered altar of Cheibriados.
 12469 | Lair:4   | Noticed an eight-headed hydra
 12480 | Lair:4   | Killed a four-headed hydra
 12580 | Lair:4   | Found a staircase to the Snake Pit.
 12696 | Lair:4   | Received a gift from Nemelex Xobeh
 12699 | Lair:4   | Reached ***** piety under Nemelex Xobeh
 13316 | Lair:5   | Noticed Urug
 13433 | Lair:5   | Killed Urug
 13577 | Lair:5   | Found a staircase to the Slime Pits.
 13578 | Lair:5   | Found a viscous altar of Jiyva.
 13707 | Lair:5   | Reached XP level 13. HP: 123/123 MP: 12/12
 13946 | Lair:6   | Entered Level 6 of the Lair of Beasts
 14429 | Lair:6   | Received a gift from Nemelex Xobeh
 15197 | Lair:6   | Got a buzzing chain mail
 15208 | Lair:6   | Identified the +7 chain mail of the Orcish Mines {+Fly
                  | Regen+} (You found it on level 6 of the Lair of Beasts)
 15339 | Lair:6   | Received a gift from Nemelex Xobeh
 15470 | Lair:6   | HP: 6/125 [poisoned by a queen ant]
 15471 | Lair:6   | HP: 2/125 [poisoned by a queen ant]
 15472 | Lair:6   | Succumbed to a queen ant's poison

Illustrated notes

Levels and vault maps discovered:
D:1:      dpeg_arrival_oval, layout_basic
D:2:      layout_rooms, lemuel_crystal_altar, chequers_ecumenical_altar_grove,
          minmay_hexomino_c4, uniq_crazy_yiuf_cottage
D:3:      layout_loops_ring, makhleb_blood_cavern_becter, kennysheep_path_1
D:4:      layout_cave_pools, overflow_temple_1_default, kennysheep_mini,
          chequers_temple_overflow_minitemple, tso_metal_star, temple_green,
          hangedman_decor_riveting
D:5:      layout_loops_cross, old_standard_altar, basic_altar,
          lightli_sewer_entry_pipes, uniq_eustachio
D:6:      layout_basic, elyvilon_altar_5, minmay_hollow_rounded_squares,
          uniq_menkaure
D:7:      layout_basic
D:8:      layout_loops_ring, gammafunk_ghost_mausoleum,
          nicolae_dithmenos_through_a_glass_darkly, uniq_erica, uniq_psyche
D:9:      layout_loops_ring, minitemple, uniq_grum
D:10:     dragon1_lemuel, layout_irregular_city, david_lair_generic,
          tgw_kikubaaqudgha
Temple:   corrupted_temple
Lair:1:   layout_big_grid, serial_bayou_shore_a, uniq_joseph, uniq_maggie
Lair:2:   layout_chaotic_city, serial_bayou_shore_b, grunt_megastairs_1
Lair:3:   layout_cave_shapes, skrybe_swamp_entry_bodies
Lair:4:   layout_gridlike, dummy_snake_entry, basic_altar, grunt_megastairs_5,
          infiniplex_staircase_pool
Lair:5:   layout_cave_shapes, slime_altar_1, grunt_megastairs_3, uniq_urug
Lair:6:   grunt_lair_end_beastmaster, layout_long_grid, grunt_megastairs_2

Skill      XL: |  1  2  3  4  5  6  7  8  9 10 11 12 13 |
---------------+----------------------------------------+-----
Armour         | 1 2 3 4 5 6 8 10 11 | 11.0
Axes           | 4 5 6 7 9 10 12 13 14 | 14.8
Fighting       | 4 5 6 7 9 10 12 13 14 | 14.8
Dodging        | 4 5 6 7 8 9 10 | 10.7
Evocations     | 3 6 8 |  8.3
Stealth        | |  1.5

Action                   |  1- 3 |  4- 6 |  7- 9 | 10-12 | 13-15 || total
-------------------------+-------+-------+-------+-------+-------++-------
Melee: Hand axe          |    83 |   190 |   142 |   610 |   227 ||  1252
       Headbutt          |    11 |    43 |    75 |   171 |    79 ||   379
       Falchion          |       |       |   108 |       |       ||   108
       Scimitar          |       |       |       |     5 |       ||     5
       War axe           |       |       |       |    26 |     4 ||    30
Invok: Draw Summoning    |       |       |       |     3 |     1 ||     4
       Draw Destruction  |       |       |       |     3 |     5 ||     8
       Draw Escape       |       |       |       |       |     1 ||     1
  Use: Scroll            |     3 |     4 |     1 |    21 |     1 ||    30
 Stab: Distracted        |     1 |       |       |       |       ||     1
       Sleeping          |     2 |       |       |     1 |       ||     3
Armor: Robe              |     2 |       |       |       |       ||     2
       Leather armour    |    21 |       |       |       |       ||    21
       Plate armour      |    10 |   171 |   128 |   165 |       ||   474
       Swamp dragon scal |       |       |       |    51 |    48 ||    99
       Chain mail        |       |       |       |       |    37 ||    37
Dodge: Dodged            |    53 |   103 |   111 |   443 |   214 ||   924
       Rpst.: Falchion   |       |       |    10 |       |       ||    10
       Scimitar          |       |       |       |     2 |       ||     2

Table legend: (Time is in decaauts)
 A = Elapsed time spent in this place.
 B = Non-inter-level travel time spent in this place.
 C = Inter-level travel time spent in this place.
 D = Time resting spent in this place.
 E = Time spent auto-exploring this place.
 F = Levels seen in this place.
 G = Mean time per level.
                   A        B        C        D        E       F      G
               +--------+--------+--------+--------+--------+-----+--------+
         Total |  15315 |  14521 |    794 |   3046 |   8402 |  18 |  850.8 |
       Dungeon |   8659 |   7983 |    676 |   1314 |   4820 |  10 |  865.9 |
        Temple |     45 |     34 |     11 |      0 |     25 |   1 |   45.0 |
          Lair |   6340 |   6233 |    107 |   1623 |   3502 |   6 | 1056.7 |
         Sewer |    268 |    268 |      0 |    109 |     55 |   1 |  268.0 |
               +--------+--------+--------+--------+--------+-----+--------+

Top non-repeatable levels by time:
    D:10: 1314 daAuts
  Lair:4: 1285 daAuts
     D:6: 1239 daAuts
  Lair:6: 1057 daAuts
  Lair:5: 1030 daAuts
  Lair:3: 1024 daAuts
  Lair:2: 1008 daAuts
     D:9: 941 daAuts
     D:7: 934 daAuts
  Lair:1: 934 daAuts
     D:2: 821 daAuts
     D:8: 797 daAuts
     D:5: 783 daAuts
     D:1: 745 daAuts
     D:3: 694 daAuts
